 Dungeon Crawl Stone Soup version 0.29.1-4-g47bece8355 (webtiles) character file.

Game seed: 2761164926239150219

3 Gabide the Grave Robber (level 1, 0/13 HPs)
             Began as a Mummy Necromancer on Dec 7, 2022.
             Slain by a jackal (2 damage)
             ... on level 1 of the Dungeon.
             The game lasted 00:00:30 (134 turns).

Gabide the Grave Robber (Mummy Necromancer)          Turns: 134, Time: 00:00:30

Health: 0/13       AC:  2    Str: 11    XL:     1   Next: 41%
Magic:  0/4        EV: 12    Int: 14    God:
Gold:   0          SH:  0    Dex: 12    Spells: 4/5 levels left

rFire   x . .      SeeInvis .   (no weapon)
rCold   + . .      Faith    .   (no shield)
rNeg    + + +      Spirit   .   a - +0 robe
rPois   ∞          Reflect  .   (no helmet)
rElec   .          Harm     .   (no cloak)
rCorr   .          Rampage  .   (no gloves)
Will    .....                   (no boots)
Stlth   ++........              (no amulet)
HPRegen 0.04/turn               (no ring)
MPRegen 0.09/turn               (no ring)

@: no status effects
A: cold resistance 1, negative energy resistance 3, torment resistance 2, heat
vulnerability 1, no potions
a: no special abilities


You were on level 1 of the Dungeon.
You visited 1 branch of the dungeon, and saw 1 of its levels.

Inventory:

Armour
 a - a +0 robe (worn)
Jewellery
 b - an amulet of guardian spirit


   Skills:
 - Level 1.5 Dodging
 + Level 1.7 Stealth
 + Level 2.9 Spellcasting
 - Level 4.0 Necromancy


You had 4 spell levels left.
You knew the following spells:

 Your Spells              Type           Power      Damage    Failure   Level
a - Necrotise             Necr           52%        1d6       4%          1

Your spell library contained the following spells:

 Spells                   Type           Power      Damage    Failure   Level
 Vampiric Draining        Necr           13%        2d6       13%         3
 Animate Dead             Necr           13%        N/A       38%         4
 Agony                    Necr           13%        N/A       75%         5


Dungeon Overview and Level Annotations

Branches:
Dungeon (1/15)

Altars:


Innate Abilities, Weirdness & Mutations

You are immune to poison.
Your flesh is cold resistant. (rC+)
You are immune to negative energy. (rN+++)
You are immune to unholy pain and torment.
You are vulnerable to heat. (rF-)
You do not drink.


Message History

Press: ? - help, Q - select action Shift-Dir - straight line, f - jackal
Aim: a jackal (lightly wounded, ally target, chance to affect: 83%)
The jackal writhes in agony.
The jackal bites you.
Your jackal skeleton bites the jackal but does no damage.
The jackal bites you but does no damage.
Your jackal skeleton closely misses the jackal.
Your jackal skeleton bites the jackal.
The jackal closely misses you. The jackal attacks as you move away!
The jackal bites you but does no damage.
The jackal closely misses you.
Found 2 scrolls labelled UHUXOSE JAOKA.
The jackal attacks as you move away! The jackal bites you.
* * * LOW HITPOINT WARNING * * *
The jackal barely misses you. The jackal attacks as you move away!
The jackal bites you but does no damage.
The jackal attacks as you move away! The jackal bites you.
* * * LOW HITPOINT WARNING * * *
The jackal barely misses you.
Aiming: Necrotise (safe; 4% risk of failure)
Press: ? - help, Q - select action Shift-Dir - straight line, f/p - jackal
Aim: a jackal (moderately wounded, ally target, chance to affect: 83%)
The jackal writhes in agony.
The jackal pauses to sniff the ground.
The jackal barely misses you.
You hit the jackal but do no damage.
The jackal is almost dead.
Your jackal skeleton closely misses the jackal.
The jackal barely misses you.
Your jackal skeleton bites the jackal but does no damage.
You hit the jackal but do no damage.
The jackal is almost dead.
The jackal barely misses you. x2
Your jackal skeleton closely misses the jackal.
You closely miss the jackal.
The jackal is almost dead.
The jackal bites you.
You die...

#.# ### #.# .^#
#.# #.# #.# #.#
#.# #######.# #.#
.......># #?# ..#
#Z# #@# #.# #.#
#h# #.# #.# #h#
#.#########.####Z#
#.#.........Zh...#
#.#........#######
#....#######
[...## ..#.#


You could see 2 jackals and a friendly jackal skeleton.

Vanquished Creatures
  2 ball pythons (D:1)
  A jackal (D:1)
3 creatures vanquished.

Notes
Turn   | Place    | Note
-------+----------+-------------------------------------------
     0 | D:1      | Gabide the Mummy Necromancer began the quest for the Orb.
     0 | D:1      | Reached XP level 1. HP: 13/13 MP: 4/4
   134 | D:1      | Slain by a jackal

Illustrated notes

Levels and vault maps discovered:
D:1:      shiori_shiawase, layout_basic,
          dreamdust_ecumenical_altar_angels_and_demons

Action                   || total
-------------------------++-------
Melee: Unarmed           ||     8
 Cast: Necrotise         ||     8
Armor: Robe              ||     5
Dodge: Dodged            ||    12
